[ AOE2 MATCH · #482885745 ]
UnrankedGeorgians vs Mongols
[ REPLAY ANALYSIS · EXTRACTED FROM THE RECORDED GAME ]
Feudal
15:53
Castle
19:49
Imperial
24:26
| APM avg | 15.2 |
| APM peak | 43 |
| eAPM avg | 8.4 |
| Villagers / military | 80 / 31 |
Focus
⚔️ 27.8% · 🌾 72.2%
Monaspa ×25 · Trebuchet (Packed) ×5 · Monk ×1
Feudal
10:55
Castle
14:51
Imperial
38:50
| APM avg | 27.1 |
| APM peak | 103 |
| eAPM avg | 11.6 |
| Villagers / military | 107 / 131 |
Focus
⚔️ 26.2% · 🌾 73.8%
Steppe Lancer ×120 · Knight ×11
Feudal
18:12
Castle
35:44
Imperial
—
| APM avg | 7.7 |
| APM peak | 50 |
| eAPM avg | 5.7 |
| Villagers / military | 56 / 0 |
Focus
⚔️ 6.0% · 🌾 94.0%
Feudal
15:06
Castle
30:53
Imperial
39:21
| APM avg | 12.5 |
| APM peak | 39 |
| eAPM avg | 8.0 |
| Villagers / military | 68 / 66 |
Focus
⚔️ 42.4% · 🌾 57.6%
Spearman ×62 · Monk ×3 · Eagle Scout ×1
Feudal
10:05
Castle
21:21
Imperial
40:32
| APM avg | 20.7 |
| APM peak | 64 |
| eAPM avg | 12.1 |
| Villagers / military | 158 / 129 |
Focus
⚔️ 25.0% · 🌾 75.0%
Archer ×61 · Spearman ×58 · Shotel Warrior ×10
Feudal
—
Castle
—
Imperial
—
| APM avg | 22.5 |
| APM peak | 58 |
| eAPM avg | 12.2 |
| Villagers / military | 104 / 139 |
Focus
⚔️ 38.5% · 🌾 61.5%
Gbeto ×129 · Bombard Cannon ×5 · Trebuchet (Packed) ×5
Match map
Initial resources + every placement click. Lines = walls · curves = elevation contours. ◆ gold · ⬟ stone · ● berries · ✦ relic · ◌ wall gap
Your base· ✓ Closed at 19:49 · 48t walls · 1 gate(s)
pantherSRJ's base· Open — unwalled flank
BANGER.deals's base· Open — unwalled flank
jopezzo's base· ✓ Closed at 30:53 · 289t walls · 22 gate(s)
Covid19's base· Open — unwalled flank
turoturbo's base· Open — unwalled flank
Smoothed initial terrain · ◌ = detected wall gap · hover for details
Inputs per minute
— ブレイク - - pantherSRJ
Build order — ブレイク
First 150 of 224 actions detected
| 0:01 | Create | Villager (Male) |
| 0:02 | Create | Villager (Male) |
| 0:02 | Create | Villager (Male) |
| 0:02 | Create | Villager (Male) |
| 0:04 | Build | House |
| 0:07 | Build | House |
| 1:51 | Create | Villager (Male) |
| 2:18 | Create | Villager (Male) |
| 2:34 | Create | Villager (Male) |
| 3:23 | Create | Villager (Male) |
| 3:46 | Build | House |
| 3:48 | Build | House |
| 4:05 | Create | Villager (Male) |
| 4:05 | Create | Villager (Male) |
| 4:28 | Create | Villager (Male) |
| 5:06 | Build | Mill |
| 5:20 | Create | Villager (Male) |
| 5:20 | Create | Villager (Male) |
| 6:34 | Create | Villager (Male) |
| 6:55 | Create | Villager (Male) |
| 7:33 | Create | Villager (Male) |
| 7:34 | Create | Villager (Male) |
| 7:40 | Create | Villager (Male) |
| 9:19 | Build | Palisade Wall |
| 9:25 | Build | House |
| 9:40 | Create | Villager (Male) |
| 9:40 | Create | Villager (Male) |
| 10:19 | Build | Palisade Wall |
| 10:46 | Build | Mule Cart |
| 10:48 | Create | Villager (Male) |
| 10:49 | Create | Villager (Male) |
| 10:59 | Create | Villager (Male) |
| 10:59 | Create | Villager (Male) |
| 11:00 | Create | Villager (Male) |
| 11:00 | Create | Villager (Male) |
| 11:01 | Create | Villager (Male) |
| 11:19 | Research | Feudal Age |
| 11:36 | Build | Farm |
| 11:37 | Build | Farm |
| 11:37 | Build | Farm |
| 11:37 | Build | Farm |
| 11:37 | Build | Farm |
| 11:38 | Build | Farm |
| 11:38 | Build | Farm |
| 12:11 | Build | House |
| 12:23 | Build | Palisade Wall |
| 12:26 | Build | Palisade Wall |
| 12:30 | Create | Villager (Male) |
| 12:50 | Build | Palisade Wall |
| 12:54 | Build | Palisade Wall |
| 12:56 | Build | Palisade Wall |
| 13:11 | Build | Farm |
| 13:16 | Build | Farm |
| 13:41 | Build | Palisade Wall |
| 14:15 | Build | Barracks |
| 14:37 | Create | Villager (Male) |
| 15:28 | Build | Palisade Gate |
| 15:53 | Age | Feudal Age |
| 15:54 | Build | Blacksmith |
| 15:56 | Build | Market |
| 16:59 | Build | Stable |
| 17:09 | Research | Castle Age |
| 17:30 | Research | Forging |
| 17:31 | Research | Scale Barding Armor |
| 17:39 | Build | House |
| 17:40 | Build | House |
| 18:05 | Build | Farm |
| 18:05 | Build | Farm |
| 18:06 | Build | Farm |
| 18:06 | Build | Farm |
| 18:36 | Build | Stone Wall |
| 19:49 | Age | Castle Age |
| 20:04 | Build | University |
| 20:16 | Build | Monastery |
| 20:22 | Create | Villager (Male) |
| 20:48 | Build | Mule Cart |
| 21:06 | Build | Stone Wall |
| 21:10 | Build | Stone Wall |
| 21:16 | Research | Imperial Age |
| 21:33 | Research | Double-Bit Axe |
| 21:41 | Build | Palisade Wall |
| 22:24 | Build | House |
| 22:40 | Build | Farm |
| 23:15 | Build | Gate |
| 23:25 | Build | Farm |
| 23:27 | Research | Horse Collar |
| 23:40 | Research | Fletching |
| 23:53 | Build | Farm |
| 24:00 | Create | Villager (Male) |
| 24:00 | Create | Villager (Male) |
| 24:26 | Age | Imperial Age |
| 24:40 | Research | Bloodlines |
| 24:57 | Build | Farm |
| 25:03 | Create | Villager (Male) |
| 25:22 | Build | Farm |
| 25:36 | Create | Villager (Male) |
| 25:41 | Build | Farm |
| 25:48 | Build | Farm |
| 26:14 | Create | Villager (Male) |
| 26:22 | Build | Farm |
| 26:34 | Create | Villager (Male) |
| 26:36 | Research | Heavy Plow |
| 26:51 | Build | Farm |
| 26:54 | Create | Villager (Male) |
| 27:27 | Build | Castle |
| 27:31 | Create | Villager (Male) |
| 27:36 | Create | Villager (Male) |
| 27:52 | Build | Stone Wall |
| 28:02 | Research | Wheelbarrow |
| 28:29 | Research | Husbandry |
| 28:54 | Build | Mule Cart |
| 29:04 | Build | Farm |
| 29:04 | Build | Farm |
| 29:05 | Build | Farm |
| 29:06 | Build | Farm |
| 29:09 | Build | Monastery |
| 29:15 | Research | Conscription |
| 29:17 | Create | Villager (Male) |
| 29:30 | Build | Stone Wall |
| 29:31 | Build | Stone Wall |
| 29:33 | Build | Stone Wall |
| 29:35 | Build | Stone Wall |
| 29:54 | Build | Stone Wall |
| 30:05 | Create | Villager (Male) |
| 30:08 | Create | Villager (Male) |
| 30:10 | Build | Farm |
| 30:14 | Build | Farm |
| 30:16 | Research | Bow Saw |
| 30:34 | Build | Farm |
| 30:34 | Build | Farm |
| 30:34 | Build | Farm |
| 30:35 | Build | Farm |
| 30:35 | Build | Farm |
| 30:35 | Build | Farm |
| 30:35 | Build | Farm |
| 30:58 | Research | Iron Casting |
| 31:00 | Create | Villager (Male) |
| 31:19 | Build | Stone Wall |
| 31:27 | Create | Villager (Male) |
| 31:28 | Create | Villager (Male) |
| 31:37 | Create | Trebuchet (Packed) |
| 31:57 | Build | Gate |
| 32:00 | Create | Villager (Male) |
| 32:05 | Research | Hand Cart |
| 32:09 | Research | Loom |
| 32:38 | Research | Gold Mining |
| 32:41 | Research | Stone Mining |
| 33:00 | Research | Guilds |
| 33:04 | Create | Trebuchet (Packed) |
| 33:11 | Build | Stone Wall |
Build order — pantherSRJ
First 150 of 257 actions detected
| 0:06 | Create | Villager (Male) |
| 0:06 | Create | Villager (Male) |
| 0:07 | Build | House |
| 0:09 | Build | House |
| 0:29 | Create | Villager (Male) |
| 1:02 | Research | Loom |
| 1:02 | Research | Loom |
| 1:05 | Create | Villager (Male) |
| 1:06 | Create | Villager (Male) |
| 1:58 | Create | Villager (Male) |
| 2:13 | Create | Villager (Male) |
| 2:25 | Create | Villager (Male) |
| 2:29 | Build | Lumber Camp |
| 2:43 | Build | Lumber Camp |
| 2:48 | Create | Villager (Male) |
| 2:53 | Build | House |
| 3:18 | Create | Villager (Male) |
| 3:47 | Create | Villager (Male) |
| 4:12 | Create | Villager (Male) |
| 4:41 | Create | Villager (Male) |
| 4:43 | Create | Villager (Male) |
| 4:56 | Build | House |
| 5:32 | Create | Villager (Male) |
| 5:34 | Create | Villager (Male) |
| 5:57 | Build | Mill |
| 6:16 | Create | Villager (Male) |
| 7:01 | Build | House |
| 7:12 | Create | Villager (Male) |
| 7:12 | Create | Villager (Male) |
| 7:29 | Build | Palisade Wall |
| 7:31 | Build | Palisade Wall |
| 7:42 | Build | Palisade Wall |
| 8:03 | Create | Villager (Male) |
| 8:45 | Research | Feudal Age |
| 8:54 | Build | House |
| 9:00 | Build | Palisade Wall |
| 9:01 | Build | Palisade Wall |
| 9:02 | Build | Palisade Wall |
| 9:06 | Create | Villager (Male) |
| 10:51 | Create | Villager (Male) |
| 10:55 | Age | Feudal Age |
| 11:04 | Build | Blacksmith |
| 11:15 | Build | Market |
| 11:55 | Build | Mining Camp |
| 12:11 | Research | Castle Age |
| 12:40 | Build | Palisade Gate |
| 12:48 | Research | Horse Collar |
| 13:09 | Build | Farm |
| 13:33 | Build | Farm |
| 13:41 | Build | Farm |
| 13:56 | Research | Double-Bit Axe |
| 13:57 | Research | Double-Bit Axe |
| 14:51 | Age | Castle Age |
| 15:02 | Build | Town Center |
| 15:05 | Create | Villager (Male) |
| 15:06 | Create | Villager (Male) |
| 15:51 | Create | Villager (Male) |
| 16:09 | Build | Farm |
| 16:11 | Build | Farm |
| 16:15 | Build | Farm |
| 16:30 | Create | Villager (Male) |
| 16:30 | Create | Villager (Male) |
| 16:33 | Create | Villager (Male) |
| 16:59 | Build | Farm |
| 17:03 | Build | Farm |
| 17:09 | Build | Farm |
| 17:17 | Create | Villager (Male) |
| 17:17 | Create | Villager (Male) |
| 17:26 | Create | Villager (Male) |
| 17:26 | Create | Villager (Male) |
| 17:33 | Build | Mining Camp |
| 18:11 | Create | Villager (Male) |
| 18:11 | Create | Villager (Male) |
| 18:11 | Create | Villager (Male) |
| 18:33 | Build | Town Center |
| 18:38 | Create | Villager (Male) |
| 18:43 | Create | Villager (Male) |
| 18:43 | Create | Villager (Male) |
| 18:48 | Build | Farm |
| 18:59 | Build | Farm |
| 19:06 | Build | Farm |
| 19:11 | Create | Villager (Male) |
| 19:11 | Create | Villager (Male) |
| 19:11 | Create | Villager (Male) |
| 19:18 | Build | Farm |
| 19:20 | Create | Villager (Male) |
| 19:20 | Create | Villager (Male) |
| 19:20 | Create | Villager (Male) |
| 19:24 | Build | House |
| 19:32 | Build | House |
| 19:50 | Build | Farm |
| 20:05 | Build | Farm |
| 20:09 | Create | Villager (Male) |
| 20:10 | Create | Villager (Male) |
| 20:10 | Create | Villager (Male) |
| 20:10 | Create | Villager (Male) |
| 20:14 | Research | Loom |
| 20:30 | Build | House |
| 20:37 | Create | Villager (Male) |
| 20:37 | Create | Villager (Male) |
| 20:37 | Create | Villager (Male) |
| 20:44 | Build | Farm |
| 21:03 | Research | Wheelbarrow |
| 21:15 | Build | Farm |
| 21:17 | Build | Farm |
| 21:25 | Create | Villager (Male) |
| 21:25 | Create | Villager (Male) |
| 21:25 | Create | Villager (Male) |
| 22:02 | Research | Gold Mining |
| 22:36 | Research | Bow Saw |
| 22:40 | Create | Villager (Male) |
| 22:40 | Create | Villager (Male) |
| 22:40 | Create | Villager (Male) |
| 23:03 | Research | Forging |
| 23:04 | Research | Forging |
| 23:12 | Build | Barracks |
| 23:18 | Create | Villager (Male) |
| 23:19 | Create | Villager (Male) |
| 23:19 | Create | Villager (Male) |
| 23:34 | Build | Lumber Camp |
| 23:37 | Create | Villager (Male) |
| 23:47 | Build | Stable |
| 23:59 | Create | Villager (Male) |
| 23:59 | Create | Villager (Male) |
| 24:00 | Create | Villager (Male) |
| 24:04 | Build | House |
| 24:07 | Build | House |
| 24:18 | Research | Iron Casting |
| 24:18 | Research | Iron Casting |
| 24:34 | Build | Farm |
| 24:35 | Build | Farm |
| 24:37 | Create | Steppe Lancer |
| 24:52 | Build | Stable |
| 25:02 | Create | Steppe Lancer |
| 25:02 | Create | Steppe Lancer |
| 25:11 | Create | Steppe Lancer |
| 25:40 | Build | Stable |
| 25:52 | Build | Castle |
| 26:12 | Create | Knight |
| 26:13 | Create | Knight |
| 26:39 | Research | Scale Barding Armor |
| 27:36 | Create | Knight |
| 27:37 | Create | Knight |
| 28:05 | Create | Knight |
| 28:05 | Create | Knight |
| 28:13 | Build | Stable |
| 28:25 | Create | Knight |
| 28:26 | Create | Knight |
| 28:29 | Research | Chain Barding Armor |
| 28:47 | Create | Knight |
Build order — BANGER.deals
124 actions detected in the replay
| 0:01 | Create | Villager (Male) |
| 0:01 | Create | Villager (Male) |
| 0:01 | Create | Villager (Male) |
| 0:05 | Build | House |
| 0:06 | Build | House |
| 0:07 | Build | House |
| 0:08 | Build | House |
| 0:27 | Create | Villager (Male) |
| 0:27 | Create | Villager (Male) |
| 0:57 | Research | Loom |
| 1:58 | Create | Villager (Male) |
| 1:59 | Create | Villager (Male) |
| 2:20 | Create | Villager (Male) |
| 2:20 | Create | Villager (Male) |
| 2:32 | Create | Villager (Male) |
| 3:02 | Create | Villager (Male) |
| 3:21 | Create | Villager (Male) |
| 3:27 | Build | Lumber Camp |
| 3:49 | Create | Villager (Male) |
| 4:49 | Create | Villager (Male) |
| 4:49 | Create | Villager (Male) |
| 5:56 | Create | Villager (Male) |
| 5:56 | Create | Villager (Male) |
| 9:00 | Build | Mill |
| 9:34 | Build | Farm |
| 9:35 | Build | Farm |
| 9:36 | Build | Farm |
| 9:38 | Build | Farm |
| 9:39 | Build | Farm |
| 9:40 | Build | Farm |
| 9:50 | Build | Farm |
| 9:53 | Build | Farm |
| 9:55 | Build | Farm |
| 9:57 | Build | Farm |
| 10:27 | Create | Villager (Male) |
| 10:53 | Create | Villager (Male) |
| 10:53 | Create | Villager (Male) |
| 11:30 | Create | Villager (Male) |
| 11:30 | Create | Villager (Male) |
| 11:31 | Create | Villager (Male) |
| 11:49 | Create | Villager (Male) |
| 12:04 | Build | Farm |
| 12:14 | Create | Villager (Male) |
| 13:14 | Create | Villager (Male) |
| 13:14 | Create | Villager (Male) |
| 13:55 | Build | House |
| 13:56 | Build | House |
| 13:57 | Build | House |
| 14:30 | Create | Villager (Male) |
| 14:53 | Create | Villager (Male) |
| 16:02 | Research | Feudal Age |
| 16:24 | Create | Villager (Male) |
| 18:12 | Age | Feudal Age |
| 18:23 | Build | Market |
| 22:56 | Build | Farm |
| 22:58 | Build | Farm |
| 22:59 | Build | Farm |
| 23:03 | Build | Farm |
| 23:34 | Build | Mill |
| 24:12 | Create | Villager (Male) |
| 24:13 | Create | Villager (Male) |
| 24:13 | Create | Villager (Male) |
| 24:13 | Create | Villager (Male) |
| 24:39 | Create | Villager (Male) |
| 24:57 | Create | Villager (Male) |
| 24:58 | Create | Villager (Male) |
| 24:59 | Create | Villager (Male) |
| 25:00 | Create | Villager (Male) |
| 25:01 | Create | Villager (Male) |
| 25:54 | Create | Villager (Male) |
| 25:54 | Create | Villager (Male) |
| 26:42 | Build | Farm |
| 27:37 | Build | House |
| 27:38 | Build | House |
| 27:40 | Build | House |
| 27:41 | Build | House |
| 27:59 | Build | Farm |
| 28:39 | Create | Villager (Male) |
| 28:41 | Build | Farm |
| 28:47 | Build | Farm |
| 28:56 | Build | Farm |
| 29:18 | Build | Farm |
| 29:55 | Create | Villager (Male) |
| 29:56 | Create | Villager (Male) |
| 29:56 | Create | Villager (Male) |
| 29:57 | Create | Villager (Male) |
| 30:09 | Build | Mining Camp |
| 30:33 | Research | Double-Bit Axe |
| 30:35 | Research | Horse Collar |
| 30:45 | Build | Blacksmith |
| 31:09 | Build | Farm |
| 31:10 | Build | Farm |
| 31:11 | Build | Farm |
| 31:25 | Build | Farm |
| 31:32 | Build | Farm |
| 31:35 | Build | Farm |
| 31:37 | Build | Farm |
| 31:38 | Build | Farm |
| 31:40 | Build | Farm |
| 31:42 | Build | Farm |
| 31:44 | Build | Farm |
| 31:47 | Build | Farm |
| 31:48 | Build | Farm |
| 31:49 | Create | Villager (Male) |
| 31:50 | Create | Villager (Male) |
| 31:50 | Create | Villager (Male) |
| 32:03 | Build | Mining Camp |
| 32:23 | Research | Wheelbarrow |
| 32:35 | Build | Farm |
| 32:36 | Build | Farm |
| 32:38 | Build | Farm |
| 32:39 | Build | Farm |
| 32:46 | Create | Villager (Male) |
| 32:51 | Research | Castle Age |
| 33:35 | Create | Villager (Male) |
| 34:42 | Build | Barracks |
| 34:43 | Build | Barracks |
| 35:44 | Age | Castle Age |
| 37:02 | Create | Villager (Male) |
| 37:03 | Create | Villager (Male) |
| 37:07 | Research | Forging |
| 37:09 | Research | Scale Mail Armor |
| 39:45 | Create | Villager (Male) |
| 39:45 | Create | Villager (Male) |
Build order — jopezzo
First 150 of 217 actions detected
| 0:07 | Create | Villager (Male) |
| 0:07 | Research | Loom |
| 0:25 | Build | House |
| 0:45 | Create | Villager (Male) |
| 0:54 | Create | Villager (Male) |
| 1:24 | Create | Villager (Male) ×2 |
| 2:12 | Build | House |
| 2:16 | Create | Villager (Male) |
| 2:46 | Create | Villager (Male) |
| 3:01 | Build | Palisade Gate |
| 3:06 | Build | Palisade Wall |
| 3:09 | Build | Palisade Wall |
| 3:24 | Create | Villager (Male) |
| 3:41 | Create | Villager (Male) |
| 3:41 | Create | Villager (Male) |
| 4:02 | Build | Palisade Wall |
| 4:05 | Build | Palisade Gate |
| 4:16 | Build | Palisade Wall |
| 4:20 | Build | Palisade Gate |
| 4:30 | Build | Palisade Gate |
| 4:33 | Build | Palisade Wall |
| 4:35 | Build | Palisade Wall |
| 4:39 | Create | Villager (Male) ×2 |
| 4:53 | Build | House |
| 5:08 | Create | Villager (Male) ×2 |
| 5:30 | Build | Mill |
| 6:16 | Create | Villager (Male) ×2 |
| 6:46 | Create | Villager (Male) |
| 7:00 | Build | House |
| 7:02 | Build | House |
| 7:11 | Build | Palisade Gate |
| 7:22 | Create | Villager (Male) |
| 7:22 | Create | Villager (Male) |
| 7:36 | Create | Villager (Male) |
| 8:03 | Build | Lumber Camp |
| 8:30 | Create | Villager (Male) |
| 8:42 | Build | Palisade Wall |
| 8:50 | Build | Palisade Wall |
| 8:53 | Build | Palisade Gate |
| 9:01 | Build | Palisade Wall |
| 9:12 | Create | Villager (Male) ×3 |
| 9:23 | Build | House |
| 9:27 | Build | House |
| 9:29 | Build | House |
| 9:31 | Build | House |
| 9:38 | Build | Palisade Wall |
| 9:44 | Build | Palisade Wall |
| 10:06 | Build | Palisade Wall |
| 10:10 | Build | Palisade Gate |
| 10:20 | Create | Villager (Male) ×5 |
| 11:24 | Build | Palisade Wall |
| 11:50 | Build | Mining Camp |
| 12:17 | Build | Mining Camp |
| 12:29 | Build | Palisade Wall |
| 12:32 | Build | Palisade Wall |
| 12:34 | Build | Palisade Wall |
| 12:38 | Build | Palisade Gate |
| 12:40 | Build | Palisade Gate |
| 12:56 | Research | Feudal Age |
| 13:07 | Build | Mining Camp |
| 14:12 | Build | Farm |
| 14:18 | Build | Farm |
| 14:18 | Build | Farm |
| 14:19 | Build | Farm |
| 14:19 | Build | Farm |
| 14:20 | Build | Farm |
| 14:20 | Build | Farm |
| 14:25 | Create | Villager (Male) |
| 15:06 | Age | Feudal Age |
| 15:15 | Build | Stone Wall |
| 15:18 | Build | Gate |
| 15:30 | Build | Stone Wall |
| 15:34 | Build | Gate |
| 15:45 | Research | Wheelbarrow |
| 15:48 | Research | Stone Mining |
| 15:53 | Build | Farm |
| 15:54 | Create | Villager (Male) ×3 |
| 16:15 | Build | Stone Wall |
| 16:19 | Build | Stone Wall |
| 16:20 | Build | Stone Wall |
| 16:23 | Build | Gate |
| 17:19 | Build | Stone Wall |
| 17:25 | Build | Stone Wall |
| 17:37 | Build | Stone Wall |
| 17:45 | Build | Stone Wall |
| 17:49 | Build | Stone Wall |
| 17:56 | Build | Gate |
| 18:01 | Build | Gate |
| 18:24 | Research | Horse Collar |
| 18:27 | Create | Villager (Male) |
| 18:27 | Create | Villager (Male) |
| 18:31 | Research | Double-Bit Axe |
| 18:39 | Create | Villager (Male) ×3 |
| 19:04 | Build | Stone Wall |
| 19:21 | Build | Stone Wall |
| 19:24 | Build | Gate |
| 19:35 | Build | Mining Camp |
| 19:58 | Build | Stone Wall |
| 20:08 | Build | Stone Wall |
| 20:09 | Build | Stone Wall |
| 20:12 | Build | Stone Wall |
| 20:15 | Build | Gate |
| 20:41 | Build | Gate |
| 20:52 | Build | Stone Wall |
| 20:55 | Build | Stone Wall |
| 21:23 | Build | Stone Wall |
| 21:29 | Build | Gate |
| 21:40 | Build | Stone Wall |
| 21:46 | Build | Gate |
| 22:10 | Create | Villager (Male) ×5 |
| 22:26 | Build | Stone Wall |
| 22:29 | Build | Gate |
| 22:36 | Build | Gate |
| 22:46 | Research | Gold Mining |
| 23:07 | Create | Villager (Male) |
| 24:22 | Build | Farm |
| 24:30 | Build | Market |
| 24:39 | Build | Blacksmith |
| 24:52 | Build | Farm |
| 24:53 | Build | Farm |
| 25:05 | Build | Farm |
| 25:05 | Build | Farm |
| 25:06 | Build | Farm |
| 25:10 | Create | Villager (Male) |
| 25:10 | Create | Villager (Male) |
| 25:17 | Build | Mining Camp |
| 25:30 | Build | Mining Camp |
| 27:01 | Build | Gate |
| 27:30 | Build | Stone Wall |
| 27:33 | Build | Gate |
| 27:46 | Build | Stone Wall |
| 28:02 | Build | Barracks |
| 28:11 | Build | Farm |
| 28:13 | Research | Castle Age |
| 28:15 | Create | Villager (Male) |
| 28:15 | Create | Villager (Male) |
| 28:44 | Build | Barracks |
| 28:50 | Create | Villager (Male) |
| 28:51 | Create | Villager (Male) |
| 28:58 | Build | Farm |
| 29:03 | Research | Forging |
| 29:04 | Research | Scale Mail Armor |
| 29:11 | Research | Arson |
| 29:38 | Create | Villager (Male) |
| 29:39 | Create | Villager (Male) |
| 29:47 | Create | Villager (Male) |
| 30:41 | Build | Lumber Camp |
| 30:53 | Age | Castle Age |
| 31:01 | Build | University |
| 31:30 | Research | Eagle Warrior (upgrade) |
Build order — Covid19
First 150 of 283 actions detected
| 0:01 | Create | Villager (Male) |
| 0:02 | Create | Villager (Male) |
| 0:02 | Create | Villager (Male) |
| 0:02 | Create | Villager (Male) |
| 0:04 | Build | House |
| 0:06 | Build | House |
| 1:34 | Create | Villager (Male) |
| 1:34 | Create | Villager (Male) |
| 1:57 | Build | Lumber Camp |
| 2:06 | Create | Villager (Male) |
| 2:06 | Create | Villager (Male) |
| 2:30 | Create | Villager (Male) |
| 2:59 | Build | House |
| 3:01 | Create | Villager (Male) |
| 3:32 | Create | Villager (Male) |
| 4:08 | Create | Villager (Male) |
| 4:09 | Create | Villager (Male) |
| 4:10 | Create | Villager (Male) |
| 4:43 | Build | Mill |
| 5:15 | Create | Villager (Male) ×3 |
| 6:07 | Create | Villager (Male) ×4 |
| 7:08 | Research | Loom |
| 7:55 | Research | Feudal Age |
| 8:05 | Build | Barracks |
| 8:10 | Build | House |
| 9:36 | Build | Mining Camp |
| 9:40 | Create | Villager (Male) |
| 9:40 | Create | Villager (Male) |
| 10:05 | Age | Feudal Age |
| 10:10 | Build | Archery Range |
| 10:12 | Create | Villager (Male) |
| 10:13 | Create | Villager (Male) |
| 10:43 | Build | Archery Range |
| 10:56 | Create | Archer |
| 11:20 | Create | Archer |
| 11:26 | Build | House |
| 11:32 | Create | Archer |
| 11:41 | Create | Villager (Male) |
| 11:44 | Research | Double-Bit Axe |
| 11:55 | Build | Blacksmith |
| 11:58 | Create | Villager (Male) |
| 11:58 | Create | Villager (Male) |
| 12:10 | Build | Farm |
| 12:10 | Build | Farm |
| 12:10 | Build | Farm |
| 12:20 | Create | Archer |
| 12:21 | Create | Archer |
| 12:28 | Build | Palisade Wall |
| 12:33 | Build | Palisade Gate |
| 12:39 | Build | House |
| 12:58 | Create | Villager (Male) |
| 13:07 | Research | Fletching |
| 13:09 | Create | Villager (Male) |
| 13:09 | Create | Villager (Male) |
| 13:16 | Build | Farm |
| 13:16 | Build | Farm |
| 13:16 | Build | Farm |
| 13:17 | Build | Farm |
| 13:17 | Build | Farm |
| 13:30 | Build | House |
| 13:39 | Build | House |
| 13:56 | Build | Farm |
| 13:57 | Build | Farm |
| 13:57 | Build | Farm |
| 14:01 | Create | Archer |
| 14:12 | Build | House |
| 14:14 | Create | Villager (Male) ×2 |
| 14:35 | Create | Archer |
| 14:35 | Create | Archer |
| 14:44 | Create | Spearman |
| 15:03 | Build | Palisade Wall |
| 15:05 | Build | Palisade Wall |
| 15:30 | Create | Spearman |
| 15:30 | Create | Spearman |
| 15:55 | Build | House |
| 15:56 | Build | House |
| 16:05 | Create | Villager (Male) |
| 16:05 | Create | Villager (Male) |
| 16:06 | Create | Villager (Male) |
| 16:14 | Build | Market |
| 16:38 | Build | Palisade Wall |
| 17:34 | Create | Villager (Male) |
| 17:34 | Create | Villager (Male) |
| 17:41 | Build | Farm |
| 17:41 | Build | Farm |
| 17:41 | Build | Farm |
| 17:42 | Build | Farm |
| 17:54 | Create | Villager (Male) |
| 18:09 | Build | Palisade Wall |
| 18:41 | Research | Castle Age |
| 19:05 | Research | Horse Collar |
| 19:11 | Create | Archer ×3 |
| 19:29 | Build | Palisade Wall |
| 19:41 | Research | Padded Archer Armor |
| 19:45 | Create | Archer |
| 19:53 | Build | Archery Range |
| 20:29 | Build | House |
| 20:30 | Build | House |
| 20:35 | Build | House |
| 20:49 | Build | House |
| 20:51 | Build | House |
| 21:21 | Age | Castle Age |
| 21:30 | Build | House |
| 21:39 | Create | Villager (Male) |
| 21:40 | Create | Villager (Male) |
| 21:40 | Create | Villager (Male) |
| 21:59 | Research | Crossbowman (upgrade) |
| 22:10 | Research | Bodkin Arrow |
| 22:15 | Create | Archer |
| 22:15 | Create | Archer |
| 22:15 | Create | Archer |
| 22:15 | Create | Archer |
| 22:16 | Create | Archer |
| 22:16 | Create | Archer |
| 22:16 | Create | Archer |
| 22:29 | Build | University |
| 22:40 | Create | Villager (Male) |
| 22:41 | Create | Villager (Male) |
| 22:50 | Build | Town Center |
| 22:54 | Create | Villager (Male) |
| 22:54 | Create | Villager (Male) |
| 22:54 | Create | Villager (Male) |
| 23:10 | Research | Heavy Plow |
| 23:12 | Research | Bow Saw |
| 23:16 | Research | Gold Mining |
| 23:38 | Research | Ballistics |
| 23:42 | Build | House |
| 23:43 | Build | House |
| 23:56 | Create | Archer ×3 |
| 24:10 | Build | Farm |
| 24:10 | Build | Farm |
| 24:10 | Build | Farm |
| 24:20 | Build | House |
| 24:22 | Build | House |
| 24:53 | Build | House |
| 25:37 | Research | Leather Archer Armor |
| 26:29 | Create | Archer ×5 |
| 26:29 | Create | Archer ×5 |
| 26:51 | Create | Villager (Male) |
| 26:52 | Create | Villager (Male) |
| 26:52 | Create | Villager (Male) |
| 27:10 | Create | Villager (Male) ×5 |
| 27:10 | Create | Villager (Male) ×5 |
| 27:10 | Create | Villager (Male) ×5 |
| 27:12 | Create | Villager (Male) |
| 27:13 | Create | Villager (Male) |
| 27:13 | Create | Villager (Male) |
| 27:13 | Create | Villager (Male) ×5 |
| 27:14 | Create | Villager (Male) ×4 |
| 27:14 | Create | Villager (Male) ×4 |
Build order — turoturbo
First 150 of 380 actions detected
| 0:01 | Create | Villager (Male) |
| 0:02 | Create | Villager (Male) |
| 0:02 | Create | Villager (Male) |
| 0:05 | Build | House |
| 0:08 | Build | House |
| 0:55 | Create | Villager (Male) |
| 1:41 | Create | Villager (Male) |
| 2:15 | Create | Villager (Male) |
| 2:36 | Create | Villager (Male) |
| 2:45 | Build | Lumber Camp |
| 3:02 | Create | Villager (Male) |
| 3:02 | Create | Villager (Male) |
| 3:19 | Build | House |
| 3:22 | Build | House |
| 3:26 | Create | Villager (Male) |
| 3:42 | Create | Villager (Male) |
| 3:42 | Create | Villager (Male) |
| 4:49 | Create | Villager (Male) |
| 5:09 | Create | Villager (Male) |
| 5:42 | Create | Villager (Male) |
| 5:56 | Build | Palisade Wall |
| 6:00 | Build | Palisade Wall |
| 6:07 | Build | Palisade Wall |
| 6:10 | Build | Palisade Wall |
| 6:11 | Create | Villager (Male) |
| 6:29 | Build | Mill |
| 6:33 | Create | Villager (Male) |
| 6:59 | Create | Villager (Male) |
| 7:24 | Create | Villager (Male) |
| 7:28 | Create | Villager (Male) |
| 7:57 | Build | House |
| 8:04 | Create | Villager (Male) |
| 8:23 | Research | Feudal Age |
| 8:24 | Research | Loom |
| 9:33 | Build | Mining Camp |
| 9:57 | Create | Villager (Male) |
| 10:44 | Create | Villager (Male) |
| 10:51 | Create | Villager (Male) |
| 10:57 | Build | Market |
| 11:04 | Build | Blacksmith |
| 11:49 | Build | Farm |
| 11:49 | Build | Farm |
| 11:49 | Build | Farm |
| 11:49 | Build | Farm |
| 11:51 | Build | Farm |
| 11:59 | Create | Villager (Male) |
| 12:17 | Build | Mining Camp |
| 12:29 | Create | Villager (Male) |
| 12:46 | Build | Farm |
| 12:47 | Build | Farm |
| 13:05 | Create | Villager (Male) |
| 13:42 | Research | Castle Age |
| 14:11 | Build | Farm |
| 14:43 | Create | Villager (Male) |
| 15:15 | Build | Barracks |
| 15:46 | Create | Villager (Male) |
| 15:52 | Research | Double-Bit Axe |
| 15:54 | Create | Villager (Male) |
| 16:03 | Build | House |
| 16:04 | Build | House |
| 16:25 | Build | Town Center |
| 16:27 | Create | Villager (Male) |
| 17:29 | Create | Villager (Male) |
| 17:34 | Build | Farm |
| 17:35 | Build | Farm |
| 17:35 | Build | Farm |
| 17:46 | Build | House |
| 17:52 | Create | Villager (Male) |
| 18:03 | Create | Villager (Male) |
| 18:10 | Build | Farm |
| 18:14 | Build | Farm |
| 18:17 | Create | Villager (Male) |
| 18:33 | Create | Villager (Male) |
| 18:44 | Create | Villager (Male) |
| 18:44 | Create | Villager (Male) |
| 19:07 | Build | Siege Workshop |
| 19:09 | Create | Villager (Male) |
| 19:19 | Build | Farm |
| 19:19 | Build | Farm |
| 19:19 | Build | Farm |
| 19:24 | Create | Villager (Male) |
| 19:31 | Build | Farm |
| 19:40 | Create | Villager (Male) |
| 19:54 | Build | Farm |
| 19:56 | Create | Villager (Male) |
| 20:07 | Create | Villager (Male) |
| 20:13 | Build | House |
| 20:16 | Build | House |
| 20:17 | Build | House |
| 20:19 | Build | House |
| 20:21 | Build | House |
| 20:22 | Build | House |
| 20:26 | Build | House |
| 20:32 | Create | Villager (Male) |
| 20:32 | Create | Villager (Male) |
| 20:52 | Build | Castle |
| 20:54 | Create | Villager (Male) |
| 20:54 | Create | Villager (Male) |
| 21:01 | Build | Farm |
| 21:01 | Build | Farm |
| 21:19 | Build | Mining Camp |
| 21:21 | Create | Villager (Male) |
| 21:21 | Create | Villager (Male) |
| 21:23 | Research | Scale Mail Armor |
| 21:44 | Create | Villager (Male) |
| 21:44 | Create | Villager (Male) |
| 22:00 | Create | Gbeto |
| 22:10 | Build | Mill |
| 22:12 | Build | Farm |
| 22:12 | Build | Farm |
| 22:12 | Build | Farm |
| 22:13 | Build | Farm |
| 22:13 | Build | Farm |
| 22:13 | Build | Farm |
| 22:20 | Create | Gbeto |
| 22:29 | Create | Villager (Male) |
| 22:29 | Create | Villager (Male) |
| 22:34 | Create | Gbeto |
| 22:46 | Build | Farm |
| 22:59 | Create | Villager (Male) |
| 23:02 | Create | Villager (Male) |
| 23:05 | Create | Gbeto |
| 23:25 | Build | Gate |
| 23:33 | Build | Stone Wall |
| 23:35 | Build | Stone Wall |
| 23:36 | Create | Villager (Male) |
| 23:36 | Create | Villager (Male) |
| 23:39 | Create | Gbeto |
| 23:49 | Build | Mill |
| 23:51 | Build | Farm |
| 23:51 | Build | Farm |
| 23:52 | Build | Farm |
| 23:52 | Build | Farm |
| 23:52 | Build | Farm |
| 23:52 | Build | Farm |
| 24:01 | Build | Farm |
| 24:08 | Create | Villager (Male) |
| 24:08 | Create | Villager (Male) |
| 24:09 | Create | Gbeto |
| 24:16 | Build | Farm |
| 24:18 | Create | Villager (Male) |
| 24:18 | Create | Villager (Male) |
| 24:24 | Build | House |
| 24:26 | Build | House |
| 24:27 | Build | House |
| 24:29 | Build | House |
| 24:31 | Build | House |
| 24:34 | Create | Villager (Male) |
| 24:34 | Create | Villager (Male) |
| 24:35 | Create | Gbeto |
Match timeline
| 3:06 | jopezzo · wall_segment Palisade Wall x8 |
| 3:09 | jopezzo · wall_segment Palisade Wall x6 |
| 4:02 | jopezzo · wall_segment Palisade Wall x6 |
| 4:16 | jopezzo · wall_segment Palisade Wall x10 |
| 4:33 | jopezzo · wall_segment Palisade Wall x2 |
| 4:35 | jopezzo · wall_segment Palisade Wall x3 |
| 5:56 | turoturbo · wall_segment Palisade Wall x1 |
| 6:00 | turoturbo · wall_segment Palisade Wall x4 |
| 6:07 | turoturbo · wall_segment Palisade Wall x1 |
| 6:10 | turoturbo · wall_segment Palisade Wall x8 |
| 7:29 | pantherSRJ · wall_segment Palisade Wall x7 |
| 7:31 | pantherSRJ · wall_segment Palisade Wall x1 |
| 7:42 | pantherSRJ · wall_segment Palisade Wall x4 |
| 8:05 | Covid19 · first_building Barracks |
| 8:42 | jopezzo · wall_segment Palisade Wall x1 |
| 8:50 | jopezzo · wall_segment Palisade Wall x1 |
| 9:00 | pantherSRJ · wall_segment Palisade Wall x1 |
| 9:01 | pantherSRJ · wall_segment Palisade Wall x1 |
| 9:01 | jopezzo · wall_segment Palisade Wall x5 |
| 9:02 | pantherSRJ · wall_segment Palisade Wall x1 |
| 9:19 | ブレイク · wall_segment Palisade Wall x1 |
| 9:38 | jopezzo · wall_segment Palisade Wall x1 |
| 9:44 | jopezzo · wall_segment Palisade Wall x4 |
| 10:05 | Covid19 · age_up feudal |
| 10:06 | jopezzo · wall_segment Palisade Wall x13 |
| 10:10 | Covid19 · first_building Archery Range |
| 10:19 | ブレイク · wall_segment Palisade Wall x5 |
| 10:55 | pantherSRJ · age_up feudal |
| 11:24 | jopezzo · wall_segment Palisade Wall x3 |
| 12:09 | pantherSRJ · first_market_sell 100 wood |
| 12:23 | ブレイク · wall_segment Palisade Wall x8 |
| 12:26 | ブレイク · wall_segment Palisade Wall x5 |
| 12:28 | Covid19 · wall_segment Palisade Wall x6 |
| 12:29 | jopezzo · wall_segment Palisade Wall x6 |
| 12:32 | jopezzo · wall_segment Palisade Wall x10 |
| 12:34 | jopezzo · wall_segment Palisade Wall x1 |
| 12:50 | ブレイク · wall_segment Palisade Wall x11 |
| 12:54 | ブレイク · wall_segment Palisade Wall x6 |
| 12:56 | ブレイク · wall_segment Palisade Wall x2 |
| 13:41 | ブレイク · wall_segment Palisade Wall x10 |
| 14:15 | ブレイク · first_building Barracks |
| 14:51 | pantherSRJ · age_up castle |
| 15:03 | Covid19 · wall_segment Palisade Wall x4 |
| 15:05 | Covid19 · wall_segment Palisade Wall x12 |
| 15:06 | jopezzo · age_up feudal |
| 15:15 | turoturbo · first_building Barracks |
| 15:15 | jopezzo · wall_segment Stone Wall x14 |
| 15:30 | jopezzo · wall_segment Stone Wall x30 |
| 15:53 | ブレイク · age_up feudal |
| 16:15 | jopezzo · wall_segment Stone Wall x29 |
| 16:19 | jopezzo · wall_segment Stone Wall x5 |
| 16:20 | jopezzo · wall_segment Stone Wall x4 |
| 16:28 | pantherSRJ · first_market_buy 100 food |
| 16:38 | Covid19 · wall_segment Palisade Wall x16 |
| 16:59 | ブレイク · first_building Stable |
| 17:19 | jopezzo · wall_segment Stone Wall x5 |
| 17:21 | Covid19 · first_market_buy 100 food |
| 17:25 | jopezzo · wall_segment Stone Wall x8 |
| 17:25 | Covid19 · first_market_sell 100 wood |
| 17:37 | jopezzo · wall_segment Stone Wall x7 |
| 17:45 | jopezzo · wall_segment Stone Wall x11 |
| 17:49 | jopezzo · wall_segment Stone Wall x11 |
| 18:09 | Covid19 · wall_segment Palisade Wall x9 |
| 18:12 | BANGER.deals · age_up feudal |
| 18:36 | ブレイク · wall_segment Stone Wall x1 |
| 19:04 | jopezzo · wall_segment Stone Wall x10 |
| 19:07 | turoturbo · first_building Siege Workshop |
| 19:18 | ブレイク · first_market_sell 100 stone |
| 19:21 | jopezzo · wall_segment Stone Wall x7 |
| 19:29 | Covid19 · wall_segment Palisade Wall x8 |
| 19:49 | ブレイク · age_up castle |
| 19:53 | ブレイク · first_market_buy 100 food |
| 19:58 | jopezzo · wall_segment Stone Wall x1 |
| 20:08 | jopezzo · wall_segment Stone Wall x1 |
| 20:09 | jopezzo · wall_segment Stone Wall x1 |
| 20:12 | jopezzo · wall_segment Stone Wall x7 |
| 20:16 | ブレイク · first_building Monastery |
| 20:52 | jopezzo · wall_segment Stone Wall x8 |
| 20:52 | turoturbo · first_building Castle |
| 20:55 | jopezzo · wall_segment Stone Wall x3 |
| 21:06 | ブレイク · wall_segment Stone Wall x7 |
| 21:10 | ブレイク · wall_segment Stone Wall x16 |
| 21:21 | Covid19 · age_up castle |
| 21:23 | jopezzo · wall_segment Stone Wall x8 |
| 21:29 | BANGER.deals · tribute_sent a jugador 1 |
| 21:29 | BANGER.deals · tribute_sent a jugador 2 |
| 21:29 | BANGER.deals · tribute_sent a jugador 4 |
| 21:29 | BANGER.deals · tribute_sent a jugador 5 |
| 21:29 | BANGER.deals · tribute_sent a jugador 6 |
| 21:40 | jopezzo · wall_segment Stone Wall x15 |
| 21:41 | ブレイク · wall_segment Palisade Wall x1 |
| 22:26 | jopezzo · wall_segment Stone Wall x10 |
| 23:12 | pantherSRJ · first_building Barracks |
| 23:33 | turoturbo · wall_segment Stone Wall x3 |
| 23:35 | turoturbo · wall_segment Stone Wall x7 |
| 23:47 | pantherSRJ · first_building Stable |
| 24:26 | ブレイク · age_up imperial |
| 25:52 | pantherSRJ · first_building Castle |
| 26:22 | BANGER.deals · tribute_sent a jugador 1 |
| 26:22 | BANGER.deals · tribute_sent a jugador 2 |
| 26:22 | BANGER.deals · tribute_sent a jugador 4 |
| 26:22 | BANGER.deals · tribute_sent a jugador 5 |
| 26:22 | BANGER.deals · tribute_sent a jugador 6 |
| 26:33 | turoturbo · first_market_sell 100 wood |
| 27:25 | Covid19 · first_building Castle |
| 27:27 | ブレイク · first_building Castle |
| 27:30 | jopezzo · wall_segment Stone Wall x21 |
| 27:46 | jopezzo · wall_segment Stone Wall x1 |
| 27:52 | ブレイク · wall_segment Stone Wall x12 |
| 28:02 | jopezzo · first_building Barracks |
| 29:30 | ブレイク · wall_segment Stone Wall x1 |
| 29:31 | ブレイク · wall_segment Stone Wall x1 |
| 29:33 | ブレイク · wall_segment Stone Wall x1 |
| 29:35 | ブレイク · wall_segment Stone Wall x1 |
| 29:54 | ブレイク · wall_segment Stone Wall x12 |
| 30:18 | turoturbo · first_market_buy 100 wood |
| 30:53 | jopezzo · age_up castle |
| 31:19 | ブレイク · wall_segment Stone Wall x2 |
| 32:49 | pantherSRJ · first_building Monastery |
| 33:11 | ブレイク · wall_segment Stone Wall x1 |
| 34:42 | BANGER.deals · first_building Barracks |
| 34:44 | jopezzo · first_building Monastery |
| 35:44 | BANGER.deals · age_up castle |
| 35:48 | ブレイク · wall_segment Stone Wall x1 |
| 35:52 | ブレイク · wall_segment Stone Wall x1 |
| 36:41 | ブレイク · wall_segment Stone Wall x2 |
| 37:13 | BANGER.deals · first_market_sell 100 food |
| 37:19 | jopezzo · first_market_sell 100 wood |
| 37:23 | pantherSRJ · tribute_sent a jugador 1 |
| 37:23 | pantherSRJ · tribute_sent a jugador 3 |
| 37:23 | pantherSRJ · tribute_sent a jugador 4 |
| 37:23 | pantherSRJ · tribute_sent a jugador 5 |
| 37:23 | pantherSRJ · tribute_sent a jugador 6 |
| 37:34 | ブレイク · wall_segment Stone Wall x5 |
| 37:36 | ブレイク · wall_segment Stone Wall x2 |
| 37:58 | BANGER.deals · tribute_sent a jugador 1 |
| 37:58 | BANGER.deals · tribute_sent a jugador 2 |
| 37:58 | BANGER.deals · tribute_sent a jugador 4 |
| 37:58 | BANGER.deals · tribute_sent a jugador 5 |
| 37:58 | BANGER.deals · tribute_sent a jugador 6 |
| 38:19 | jopezzo · first_building Castle |
| 38:50 | pantherSRJ · age_up imperial |
| 39:21 | jopezzo · age_up imperial |
| 40:19 | turoturbo · first_building Archery Range |
| 40:28 | BANGER.deals · tribute_sent a jugador 1 |
| 40:28 | BANGER.deals · tribute_sent a jugador 2 |
| 40:28 | BANGER.deals · tribute_sent a jugador 4 |
| 40:28 | BANGER.deals · tribute_sent a jugador 5 |
| 40:28 | BANGER.deals · tribute_sent a jugador 6 |
| 40:32 | Covid19 · age_up imperial |
| 41:55 | BANGER.deals · tribute_sent a jugador 1 |
| 41:55 | BANGER.deals · tribute_sent a jugador 2 |
| 41:55 | BANGER.deals · tribute_sent a jugador 4 |
| 41:55 | BANGER.deals · tribute_sent a jugador 5 |
| 41:55 | BANGER.deals · tribute_sent a jugador 6 |
| 42:12 | ブレイク · wall_segment Stone Wall x1 |
| 42:16 | ブレイク · wall_segment Stone Wall x8 |
| 42:18 | ブレイク · wall_segment Stone Wall x4 |
| 42:40 | Covid19 · wall_segment Stone Wall x1 |
| 43:23 | BANGER.deals · tribute_sent a jugador 1 |
| 43:23 | BANGER.deals · tribute_sent a jugador 2 |
| 43:23 | BANGER.deals · tribute_sent a jugador 4 |
| 43:23 | BANGER.deals · tribute_sent a jugador 5 |
| 43:23 | BANGER.deals · tribute_sent a jugador 6 |
| 43:57 | BANGER.deals · resign |
| 45:09 | ブレイク · wall_segment Stone Wall x15 |
| 46:12 | turoturbo · first_building Monastery |
[ AI ANALYSIS · 1 CREDIT ]
What really happened in this match?
Wolo.gg analyzes every decision: build order, eco, micro, common mistakes by bracket. Personalized analysis on WhatsApp or Discord in 30 seconds.
Civ guide
Georgians
Perfil
Jugador #10941557